 Dungeon Crawl Stone Soup version 0.27-a0-1149-g4505690ab0 (webtiles) character file.

Game seed: 5141290912638405494

84 chippings the Skirmisher (level 4, 0/36 HPs)
             Began as a Mummy Abyssal Knight on May 13, 2021.
             Was a Follower of Lugonu.
             Killed from afar by a white imp (2 damage)
             ... with a puff of frost
             ... summoned by Natasha
             ... on level 2 of the Dungeon.
             The game lasted 00:03:21 (2007 turns).

chippings the Skirmisher (Mummy Abyssal Knight)     Turns: 2007, Time: 00:03:22

Health: 0/36       AC:  5    Str: 16    XL:     4   Next: 24%
Magic:  5/5        EV: 11    Int: 11    God:    Lugonu [*.....]
Gold:   120        SH:  0    Dex: 11    Spells: 3/3 levels left

rFire    x . .     SeeInvis .   a - +1 spear
rCold    + . .     Faith    .   (no shield)
rNeg     + + +     Spirit   .   b - +0 leather armour
rPois    ∞         Reflect  .   (no helmet)
rElec    .         Harm     .   j - +0 cloak
rCorr    .         Rampage  .   o - +0 pair of gloves
Will     .....                  (no boots)
Stlth    +.........             (no amulet)
HPRegen  0.12/turn              (no ring)
MPRegen  0.09/turn              (no ring)

@: slowed, very slow
A: cold resistance 1, negative energy resistance 3, torment resistance 2, heat
vulnerability 1, no potions
a: Renounce Religion, Depart the Abyss


You were on level 2 of the Dungeon.
You worshipped Lugonu.
Lugonu was aware of your devotion.
You visited 1 branch of the dungeon, and saw 2 of its levels.
You visited the Abyss 1 time.

You collected 120 gold pieces.

Inventory:

Hand Weapons
 a - a +1 spear (weapon)
Missiles
 c - 121 arrows
 e - 17 poisoned darts (quivered)
Armour
 b - a +0 leather armour (worn)
 g - a scarf of shadows
 j - a +0 cloak (worn)
 k - a +0 tower shield
 o - a +0 pair of gloves (worn)
Scrolls
 d - 3 scrolls of amnesia {unknown}
 h - 2 scrolls of identify {unknown}
 i - a scroll of fog {unknown}
 l - 2 scrolls of noise {unknown}
 m - a scroll of magic mapping {unknown}
 n - a scroll of blinking {unknown}


   Skills:
 + Level 3.6 Fighting
 * Level 2.9 Polearms
 - Level 1.5 Armour
 - Level 0.7 Dodging
 + Level 2.3 Invocations


You had 3 spell levels left.
You didn't know any spells.
Your spell library was empty.

Dungeon Overview and Level Annotations

Branches:
Dungeon (2/15)

Altars:

Shops:
D:2 *

Annotations:
D:2 Natasha


Innate Abilities, Weirdness & Mutations

You are immune to poison.
Your flesh is cold resistant. (rC+)
You are immune to negative energy. (rN+++)
You are immune to unholy pain and torment.
You are vulnerable to heat. (rF-)
You do not drink.


Message History

Press: ? - help, Q - select action, (/) - cycle Shift-Dir - straight line, f - Natasha
Aim: Natasha (moderately wounded, 47% to hit)
You throw a throwing net. The throwing net hits Natasha.
Natasha is caught in the net!
Natasha is moderately wounded.
The shadow imp closely misses you.
Natasha mumbles some strange words.
Natasha struggles against the net.
The shadow imp barely misses you.
Natasha struggles against the net.
Natasha mumbles some strange words.
Natasha struggles against the net.
The white imp hits you but does no damage.
The shadow imp closely misses you. The white imp gestures at you.
The puff of frost misses you.
Natasha struggles against the net. x2
Natasha extends her claws.
Natasha struggles against the net.
The net rips apart, and Natasha comes free!
The shadow imp hits you.
* * * LOW HITPOINT WARNING * * *
The white imp barely misses you.
You feel yourself speed up.
The shadow imp disappears in a puff of smoke!
The white imp gestures at you. The puff of frost misses you.
The white imp gestures at you. The puff of frost hits you. You resist.
* * * LOW HITPOINT WARNING * * *
The white imp grins evilly.
Natasha stares at you and mumbles some strange words.
You feel yourself slow down. The white imp gestures at you.
The puff of frost misses you. The white imp gestures at you.
The puff of frost hits you. You resist.
* * * LOW HITPOINT WARNING * * *
The white imp gestures at you. The puff of frost hits you. You resist.
You die...

...(# #..# #>#..# #..........#
....# ##.###.#..# #.........##
....#####..##.#..# #.........#
.......5§#.##.#..###.........#
.........#.5#....#...........#
###........h.....#...........#
#......##5....##...........#
#...........#..............#
#....)....)...@#...........#
#......#.......<...........#
#......##..........÷.......#
#......#...................#
#..........∩...............#
#........#.#...............#
#######.........############
#........## ############..##


You could see Natasha and 2 white imps.

Vanquished Creatures
  Jessica (D:2)
  2 adders (D:2)
  2 worms
  A dart slug (D:1)
  2 giant cockroaches (D:1)
  5 hobgoblins
  3 kobolds
  3 quokkas
  3 ball pythons
  5 bats
  2 frilled lizards (D:1)
  3 rats
32 creatures vanquished.

Notes
Turn   | Place    | Note
-------+----------+-------------------------------------------
     0 | Abyss:1  | chippings the Mummy Abyssal Knight began the quest for the
                  | Orb.
     0 | Abyss:1  | Reached XP level 1. HP: 18/18 MP: 2/2
   195 | Abyss:1  | Noticed a chaos spawn
   196 | Abyss:1  | Noticed a small abomination
   197 | D:1      | Escaped the Abyss
   262 | D:1      | Found a faded altar of an unknown god.
   357 | D:1      | Reached XP level 2. HP: 17/24 MP: 3/3
   542 | D:1      | Reached * piety under Lugonu
   918 | D:2      | Noticed Jessica
   924 | D:2      | Killed Jessica
   925 | D:2      | Reached XP level 3. HP: 19/29 MP: 4/4
  1507 | D:2      | Found Hoqiblut's Assorted Antiques.
  1537 | D:2      | Reached XP level 4. HP: 33/35 MP: 5/5
  1978 | D:2      | Noticed Natasha
  2007 | D:2      | Killed from afar by a white imp

Illustrated notes

Levels and vault maps discovered:
D:1:      ebering_hopf_link, layout_loops_ring,
          hellmonk_ecumenical_altar_lost_god, st_stairs_8
D:2:      layout_basic, serial_shops, shop, minmay_octomino_c4, uniq_jessica,
          uniq_natasha

Skill      XL: |  1  2 |
---------------+-------+-----
Polearms       | 2 |  2.9
Invocations    | 2 |  2.3
Fighting       | |  3.6
Armour         | |  1.5
Dodging        | |  0.7

Action                   |  1- 3 |  4- 6 || total
-------------------------+-------+-------++-------
Melee: Spear             |   119 |    36 ||   155
Throw: Throwing net      |       |     1 ||     1
Invok: Depart the Abyss  |     1 |       ||     1
Armor: Leather armour    |    27 |    14 ||    41
Dodge: Dodged            |    61 |    22 ||    83

Table legend: (Time is in decaauts)
 A = Elapsed time spent in this place.
 B = Non-inter-level travel time spent in this place.
 C = Inter-level travel time spent in this place.
 D = Time resting spent in this place.
 E = Time spent auto-exploring this place.
 F = Levels seen in this place.
 G = Mean time per level.
                   A        B        C        D        E       F      G
               +--------+--------+--------+--------+--------+-----+--------+
         Total |   2016 |   1980 |     36 |    139 |   1290 |   3 |  672.0 |
       Dungeon |   1819 |   1783 |     36 |    139 |   1109 |   2 |  909.5 |
         Abyss |    197 |    197 |      0 |      0 |    181 |   1 |  197.0 |
               +--------+--------+--------+--------+--------+-----+--------+

Top non-repeatable levels by time:
     D:1: 1131 daAuts
     D:2: 687 daAuts
 Abyss:1: 197 daAuts
